 Dungeon Crawl Stone Soup version 0.27-a0-1188-g73eefd5def (webtiles) character file.

Game seed: 3699881886082724573

41 st0uf the Slasher (level 3, -1/27 HPs)
             Began as a Demonspawn Gladiator on May 20, 2021.
             Killed from afar by Natasha (6 damage)
             ... with a magic dart
             ... on level 2 of the Dungeon.
             The game lasted 00:01:38 (1237 turns).

st0uf the Slasher (Demonspawn Gladiator)            Turns: 1237, Time: 00:01:39

Health: -1/27      AC:  4    Str: 15    XL:     3   Next: 32%
Magic:  3/3        EV: 12    Int:  9    God:
Gold:   52         SH:  0    Dex: 14    Spells: 2/2 levels left

rFire    . . .     SeeInvis .   a - +0 long sword
rCold    . . .     Faith    .   (no shield)
rNeg     . . .     Spirit   .   b - +0 leather armour
rPois    .         Reflect  .   c - +0 helmet
rElec    .         Harm     .   (no cloak)
rCorr    .         Rampage  .   (no gloves)
Will     .....                  (no boots)
Stlth    +.........             (no amulet)
HPRegen  0.09/turn              (no ring)
MPRegen  0.08/turn              (no ring)

@: no status effects
A: demonic guardian 1, ignite blood 1
a: no special abilities


You were on level 2 of the Dungeon.
You visited 1 branch of the dungeon, and saw 2 of its levels.

You collected 52 gold pieces.

Inventory:

Hand Weapons
 a - a +0 long sword (weapon)
Missiles
 d - 3 throwing nets (quivered)
Armour
 b - a +0 leather armour (worn)
 c - a +0 helmet (worn)
Scrolls
 e - a scroll of blinking {unknown}
 h - 2 scrolls of identify {unknown}
 j - a scroll of fear {unknown}
Potions
 f - a potion of resistance {unknown}
 g - a potion of haste {unknown}
 i - a potion of curing {unknown}


   Skills:
 + Level 2.2 Fighting
 + Level 3.2 Long Blades
 + Level 2.0 Throwing
 + Level 0.4 Armour
 + Level 3.1 Dodging


You had 2 spell levels left.
You didn't know any spells.
Your spell library was empty.

Dungeon Overview and Level Annotations

Branches:
Dungeon (2/15)

Altars:

Shops:
D:2 *

Annotations:
D:2 Natasha


Innate Abilities, Weirdness & Mutations

A weak demonic guardian rushes to your aid.
Your demonic aura sometimes causes spilled blood to erupt in flames.


Message History

You hit the endoplasm.
You kill the endoplasm!
Found 8 gold pieces.
Natasha, Servant of Life and Death comes into view.
Natasha hisses angrily.
Natasha mumbles some strange words.
You feel disoriented.
Found a stone staircase leading down.
Natasha casts a spell at you. You resist with significant effort.
Found a stone staircase leading down.
You hit Natasha.
Natasha is heavily wounded.
Natasha mewls in sadness.
Natasha closely misses you. Natasha claws you.
You closely miss Natasha.
Natasha is heavily wounded.
Natasha stares at you and mumbles some strange words.
You resist with significant effort.
You hit Natasha.
Natasha is severely wounded.
Natasha claws you!
You hit Natasha.
Natasha is almost dead.
Natasha casts a spell at you. The magic dart hits you.
You barely miss Natasha.
Natasha is almost dead.
Natasha casts a spell.
Natasha howls an incantation.
Natasha glows brightly for a moment.
Natasha casts a spell at you. The magic dart hits you.
* * * LOW HITPOINT WARNING * * *
A demonic guardian appears!
You completely miss Natasha.
Natasha is almost dead.
Natasha casts a spell at you. The magic dart hits you.
You die...

.# .. .###... ..
... ##.##.# #..#..#
#.#..#
...######5..##
#...$h@5....# ..
.....####..#.>.....
.>... #..#####.). .
...# #.........>
....###..........
................#
#................
................. #
#...............


You could see Natasha, a crimson imp (summoned, ally target) and a friendly
shadow imp (summoned).

Vanquished Creatures
  4 endoplasms
  2 giant cockroaches (D:1)
  3 goblins (D:1)
  2 hobgoblins
  3 jackals (D:1)
  2 ball pythons (D:1)
  A rat (D:1)
17 creatures vanquished.

Vanquished Creatures (collateral kills)
  Natasha (D:2)
  A hobgoblin (D:2)
2 creatures vanquished.

Grand Total: 19 creatures vanquished

Notes
Turn   | Place    | Note
-------+----------+-------------------------------------------
     0 | D:1      | st0uf the Demonspawn Gladiator began the quest for the Orb.
     0 | D:1      | Reached XP level 1. HP: 16/16 MP: 1/1
    94 | D:1      | Gained mutation: A weak demonic guardian rushes to your
                  | aid. [demonic ancestry]
    94 | D:1      | Reached XP level 2. HP: 17/22 MP: 2/2
   696 | D:2      | Found Ipiywi's General Store.
   696 | D:2      | Noticed Natasha
   879 | D:2      | Killed Natasha
   880 | D:2      | Gained mutation: Your demonic aura sometimes causes spilled
                  | blood to erupt in flames. [demonic ancestry]
   880 | D:2      | Reached XP level 3. HP: 3/27 MP: 3/3
  1228 | D:2      | Noticed Natasha
  1237 | D:2      | Killed from afar by Natasha

Illustrated notes

Levels and vault maps discovered:
D:1:      wander_arrival_lonely_grave, layout_basic
D:2:      layout_rooms, serial_shops, shop_fountains,
          hellmonk_ecumenical_altar_arch_garden, minmay_3d_cube, uniq_terence,
          uniq_sigmund, uniq_natasha

Skill      XL: |  1  2  3 |
---------------+----------+-----
Dodging        | 3 |  3.1
Long Blades    | 3 |  3.2
Throwing       | 2 |  2.0
Fighting       | |  2.2
Armour         | |  0.4

Action                   || total
-------------------------++-------
Melee: Long sword        ||    54
Armor: Leather armour    ||    10
Dodge: Dodged            ||    35
       Rpst.: Long sword ||     9

Table legend: (Time is in decaauts)
 A = Elapsed time spent in this place.
 B = Non-inter-level travel time spent in this place.
 C = Inter-level travel time spent in this place.
 D = Time resting spent in this place.
 E = Time spent auto-exploring this place.
 F = Levels seen in this place.
 G = Mean time per level.
                   A        B        C        D        E       F      G
               +--------+--------+--------+--------+--------+-----+--------+
         Total |   1258 |   1236 |     22 |    433 |    637 |   2 |  629.0 |
       Dungeon |   1258 |   1236 |     22 |    433 |    637 |   2 |  629.0 |
               +--------+--------+--------+--------+--------+-----+--------+

Top non-repeatable levels by time:
     D:1: 1012 daAuts
     D:2: 245 daAuts
